[Event "Titled Tuesday Blitz January 17 Late 2023"]
[White "Ardila, Oscar Humberto"]
[Black "Solon, Nathan"]
[WhiteFideId "4404742"]
[BlackFideId "2017229"]
[WhiteElo "1982"]
[BlackElo "2306"]
[Result "0-1"]
[Round "02"]
[TimeControl "180+2"]
[Date "2023.01.17"]
[WhiteClock "0:00:07"]
[BlackClock "0:00:17"]

1. d4 Nf6 2. c4 c5 3. d5 b5 4. Qc2 bxc4 5. e4 e6 6. Bxc4 exd5 7. exd5 d6 8. Ne2 g6 9. O-O Bg7 10. Ng3 O-O 11. Nc3 Ba6 12. b3 Bxc4 13. bxc4 Nbd7 14. Bf4 Nb6 15. Nb5 Ne8 16. Rac1 a6 17. Na3 Nf6 18. Rfe1 Qd7 19. Ne4 Nxe4 20. Rxe4 Rfe8 21. Rce1 Rxe4 22. Qxe4 Qa4 23. Bc1 Bc3 24. Rf1 Re8 25. Qd3 Bd4 26. Bf4 Bb2 27. Nc2 Qxc4 28. Qxc4 Nxc4 29. Ne3 Nxe3 30. fxe3 Be5 31. Bh6 Rb8 32. Kf2 Rb2+ 33. Kf3 f5 34. a4 Kf7 35. h3 Rb3 36. g4 Kf6 37. gxf5 gxf5 38. Rg1 Kf7 39. h4 c4 40. Rc1 c3 41. Ke2 Rb4 42. Kd3 Rxh4 43. Bg5 Rxa4 44. Rf1 Kg6 45. Be7 Ra2 46. Rg1+ Kf7 47. Bg5 c2 48. Rf1 Kg6 49. Rg1 c1=Q 50. Rxc1 Kxg5 51. Rc7 h5 52. Rh7 h4 53. e4 Ra3+ 54. Ke2 fxe4 0-1


[Site "https://www.chess.com"]

[Event "Titled Tuesday Blitz January 17 Late 2023"]
[White "Godzwon, Iwo"]
[Black "Wang, Alexander J"]
[WhiteFideId "21802483"]
[BlackFideId "30955270"]
[WhiteElo "2394"]
[BlackElo "1815"]
[Result "1-0"]
[Round "02"]
[TimeControl "180+2"]
[Date "2023.01.17"]
[WhiteClock "0:00:13"]
[BlackClock "0:00:03"]

1. e4 c5 2. Nf3 e6 3. d4 cxd4 4. Nxd4 Nf6 5. Nc3 Nc6 6. Ndb5 Bb4 7. a3 Bxc3+ 8. Nxc3 d5 9. exd5 exd5 10. Bd3 O-O 11. O-O d4 12. Ne2 Bg4 13. f3 Bh5 14. Bg5 Bg6 15. b4 a6 16. Qd2 Re8 17. Rad1 Qe7 18. Rfe1 Bxd3 19. Nxd4 Qc7 20. Rxe8+ Rxe8 21. Qxd3 Nxd4 22. Qxd4 Qxc2 23. Qd2 Qxd2 24. Rxd2 h6 25. Bxf6 gxf6 26. Rd7 Re3 27. a4 b5 28. axb5 axb5 29. Rb7 Re5 30. Kf2 Kg7 31. Kg3 Kg6 32. f4 Rd5 33. Kf3 f5 34. h3 h5 35. g3 f6 36. Ke3 Kh6 37. Rc7 Rd6 38. Rc5 Rb6 39. Rxf5 Kg6 40. Rc5 Rb8 41. Kf3 Rb6 42. Rd5 Rb8 43. g4 hxg4+ 44. hxg4 Rb7 45. Rd6 Rc7 46. g5 Rc4 47. Rxf6+ Kg7 48. Kg4 Rxb4 49. Rb6 Rb1 50. Rb7+ Kg8 51. f5 Rg1+ 52. Kh5 Rc1 53. Kg6 Rc6+ 54. f6 Rc8 55. Kh6 Kh8 56. g6 Rg8 57. Rh7# 1-0


[Site "https://www.chess.com"]

[Event "Titled Tuesday Blitz January 17 Late 2023"]
[White "Ozer, Omer Faruk"]
[Black "Fajdetic, Hrvoje"]
[WhiteFideId "6354564"]
[BlackFideId "14501945"]
[WhiteElo "2360"]
[BlackElo "2151"]
[Result "1-0"]
[Round "02"]
[TimeControl "180+2"]
[Date "2023.01.17"]
[WhiteClock "0:01:44"]
[BlackClock "0:00:18"]

1. e4 e6 2. d3 c5 3. Nd2 Nc6 4. g3 g6 5. Bg2 Bg7 6. Ngf3 e5 7. O-O d6 8. a3 Nge7 9. b4 b6 10. c3 O-O 11. Bb2 h6 12. d4 exd4 13. cxd4 Kh7 14. Rb1 f5 15. d5 Bxb2 16. Rxb2 Nb8 17. bxc5 bxc5 18. e5 Na6 19. Nc4 dxe5 20. Nfxe5 Rb8 21. Rxb8 Nxb8 22. d6 Ng8 23. Qb3 Be6 24. Qb7+ Nd7 25. Re1 Bxc4 26. Nxc4 Nf6 27. Re7+ Kg8 28. Bc6 Rf7 29. Bxd7 Nxd7 30. Qd5 1-0


[Site "https://www.chess.com"]

[Event "Titled Tuesday Blitz January 17 Late 2023"]
[White "Harish, Neeraj"]
[Black "Djokic, Mihailo"]
[WhiteFideId "30958130"]
[BlackFideId "976440"]
[WhiteElo "2232"]
[BlackElo "2192"]
[Result "1-0"]
[Round "02"]
[TimeControl "180+2"]
[Date "2023.01.17"]
[WhiteClock "0:00:59"]
[BlackClock "0:00:07"]

1. e4 c5 2. Nf3 d6 3. d4 cxd4 4. Nxd4 Nf6 5. Nc3 g6 6. Be3 Bg7 7. f3 O-O 8. Bc4 Nc6 9. Qd2 Bd7 10. O-O-O Rc8 11. Bb3 Ne5 12. Kb1 Nc4 13. Bxc4 Rxc4 14. g4 Qc7 15. h4 b5 16. h5 b4 17. Nce2 Rc8 18. hxg6 fxg6 19. Bh6 e5 20. Bxg7 Kxg7 21. Qh6+ Kg8 22. Nf5 Bxf5 23. gxf5 Rxc2 24. fxg6 Rxe2 25. gxh7+ Kf7 26. Rc1 Rc2 27. h8=Q Rxc1+ 28. Rxc1 Qxc1+ 29. Qxc1 Rxh8 30. Qc7+ Ke6 31. Qc4+ Ke7 32. Qxb4 Nd7 33. Qb7 Rh1+ 34. Kc2 Rh3 35. Qxa7 Rxf3 36. a4 Rf4 37. Qb7 Ke6 38. a5 Nc5 39. Qc8+ Ke7 40. a6 Rf2+ 41. Kb1 Nb3 42. Qb7+ Ke6 43. Qxb3+ d5 44. Qxd5+ 1-0


[Site "https://www.chess.com"]

[Event "Titled Tuesday Blitz January 17 Late 2023"]
[White "Rostomyan, Mikayel"]
[Black "Desideri, Ricardo Maruchi"]
[WhiteFideId "13313754"]
[BlackFideId "2110440"]
[WhiteElo "2222"]
[BlackElo "1959"]
[Result "1-0"]
[Round "02"]
[TimeControl "180+2"]
[Date "2023.01.17"]
[WhiteClock "0:01:44"]
[BlackClock "0:00:48"]

1. d4 Nf6 2. Nf3 g6 3. b3 Bg7 4. Bb2 O-O 5. e3 c5 6. Be2 d5 7. O-O Nc6 8. dxc5 Qc7 9. a3 e5 10. b4 e4 11. Nd4 Ne5 12. Nb5 Qb8 13. Nd6 Nfd7 14. Bd4 b6 15. Nxc8 Qxc8 16. cxb6 axb6 17. Nd2 Qc6 18. Qb1 b5 19. a4 bxa4 20. b5 Qb7 21. c4 dxc4 22. Nxe4 Nd3 23. Bxg7 Kxg7 24. Bxd3 cxd3 25. Qxd3 Ne5 26. Qd4 Rfe8 27. Nd6 Qe7 28. Nxe8+ Rxe8 29. f4 1-0


[Site "https://www.chess.com"]

[Event "Titled Tuesday Blitz January 17 Late 2023"]
[White "Medeiros,Thauane Ferreira"]
[Black "Esipenko, Andrey"]
[WhiteFideId "2134470"]
[BlackFideId "24175439"]
[WhiteElo "1854"]
[BlackElo "2679"]
[Result "0-1"]
[Round "02"]
[TimeControl "180+2"]
[Date "2023.01.17"]
[WhiteClock "0:00:04"]
[BlackClock "0:00:19"]

1. d4 d5 2. Bf4 c5 3. e3 Nc6 4. Nf3 Qb6 5. Nc3 Be6 6. Nb5 Rc8 7. dxc5 Qxc5 8. Nc7+ Kd7 9. Nxe6 fxe6 10. Be2 g6 11. O-O Bg7 12. c4 Nf6 13. cxd5 exd5 14. Rc1 Qb6 15. e4 d4 16. Qd3 Rhd8 17. Ng5 e6 18. Qh3 Re8 19. Bc4 Nd8 20. Rfd1 Nh5 21. Be3 Ke7 22. g4 dxe3 23. gxh5 exf2+ 24. Kf1 Rxc4 25. Rxc4 Qb5 26. Qb3 Qxg5 27. Rc7+ Kf8 28. Qf3+ Kg8 29. Qg3 Qb5+ 30. Kxf2 Be5 0-1


[Site "https://www.chess.com"]

[Event "Titled Tuesday Blitz January 17 Late 2023"]
[White "Pap, Gyula"]
[Black "AidenRchess"]
[WhiteFideId "725323"]
[WhiteElo "2429"]
[BlackElo "2443"]
[Result "1-0"]
[Round "02"]
[TimeControl "180+2"]
[Date "2023.01.17"]
[WhiteClock "0:00:11"]
[BlackClock "0:00:16"]

1. g3 Nf6 2. Bg2 g6 3. e4 d6 4. d4 Bg7 5. Ne2 O-O 6. O-O e5 7. Nbc3 exd4 8. Nxd4 Re8 9. h3 Nc6 10. Nde2 Be6 11. b3 Qd7 12. Kh2 Rad8 13. Bb2 d5 14. Nxd5 Nxd5 15. Bxg7 Kxg7 16. exd5 Bxd5 17. Nf4 Bxg2 18. Qxd7 Rxd7 19. Kxg2 g5 20. Nd3 Re2 21. Rac1 Nd4 22. Nc5 Rd5 23. Nxb7 Nxc2 24. Kg1 Rdd2 25. Rcd1 Nd4 26. Rxd2 Rxd2 27. Ra1 Nc2 28. Rc1 Nd4 29. Rxc7 Rxa2 30. Nd6 Nxb3 31. Rxf7+ Kg6 32. Rb7 Nd4 33. Kg2 a5 34. Rb6 Kg7 35. Ra6 a4 36. Ne4 h6 37. Nc3 Rc2 38. Nxa4 Ra2 39. Nc5 Rc2 40. Nd3 Rd2 41. Ne5 Rc2 42. Ra7+ Kf6 43. Ng4+ Kg6 44. Ra6+ Kf5 45. Nxh6+ Ke4 46. Ng4 Nf5 47. Re6+ Kd4 48. Re5 Nd6 49. Rxg5 Ne4 50. Rf5 Nd6 51. Rf4+ Kd3 52. h4 Rc5 53. Nf6 Re5 54. h5 Nf7 55. g4 Rg5 56. Kg3 Ne5 57. f3 Ke3 58. Nd5+ Kd3 59. Rf5 Nf7 60. Rxg5 Nxg5 61. Nf4+ Kd4 62. Nh3 Nh7 63. g5 Ke5 64. Kg4 Ke6 65. f4 Kf7 66. f5 Kg7 67. Nf4 Nf8 68. h6+ Kh7 69. Kh5 Nd7 70. g6+ Kh8 71. Kg5 Ne5 72. f6 Nf3+ 73. Kf5 Nh4+ 74. Ke6 Nxg6 75. Nxg6+ Kh7 76. f7 Kxh6 77. f8=Q+ Kg5 78. Qf4+ Kh5 79. Qh4+ Kxg6 80. Qg4+ Kh6 81. Kf7 Kh7 82. Qh5# 1-0


[Site "https://www.chess.com"]

[Event "Titled Tuesday Blitz January 17 Late 2023"]
[White "Dimitrov, Atanas"]
[Black "Ozates, Tuna"]
[WhiteFideId "2901315"]
[BlackFideId "6354521"]
[WhiteElo "2269"]
[BlackElo "2251"]
[Result "1-0"]
[Round "02"]
[TimeControl "180+2"]
[Date "2023.01.17"]
[WhiteClock "0:00:04"]
[BlackClock "0:00:02"]

1. Nf3 c5 2. c4 Nc6 3. Nc3 Nd4 4. e3 Nxf3+ 5. Qxf3 g6 6. d4 Bg7 7. d5 Nh6 8. Bd3 d6 9. h3 O-O 10. e4 f6 11. Qe2 Nf7 12. f4 a6 13. Bd2 e6 14. O-O Re8 15. Qf3 Rb8 16. a4 Qb6 17. b3 exd5 18. Nxd5 Qd8 19. Bc3 Be6 20. Rfe1 Bxd5 21. exd5 f5 22. Bxg7 Kxg7 23. g4 fxg4 24. hxg4 Qf6 25. Kg2 Qc3 26. Rxe8 Rxe8 27. Ra2 Qxb3 28. Rf2 Re1 29. g5 Qxa4 30. Rb2 Qd1 31. Qxd1 Rxd1 32. Be2 Rd4 33. Kf3 Nd8 34. Ke3 Kf7 35. Bd3 Ke7 36. Rh2 Kf8 37. Rxh7 Nf7 38. Bxg6 Nd8 39. Rd7 Nc6 40. dxc6 bxc6 41. Bd3 a5 42. Rc7 d5 43. cxd5 Rxd5 44. Rxc6 a4 45. Ra6 Rd8 46. Rxa4 Kg7 47. Re4 Kh8 48. Bc4 Rb8 49. f5 Rd8 50. Kf4 Kg7 51. f6+ Kg6 52. Kg4 Rd2 53. Bf1 Rd1 54. Rf4 Rd7 55. Bg2 Rf7 56. Be4# 1-0


[Site "https://www.chess.com"]

[Event "Titled Tuesday Blitz January 17 Late 2023"]
[White "Gatterer, Florian"]
[Black "Vlassov, Nikolai"]
[WhiteFideId "811688"]
[BlackFideId "4103360"]
[WhiteElo "2170"]
[BlackElo "2283"]
[Result "0-1"]
[Round "02"]
[TimeControl "180+2"]
[Date "2023.01.17"]
[WhiteClock "0:00:07"]
[BlackClock "0:00:33"]

1. d4 Nf6 2. Nf3 e6 3. g3 b5 4. Bg2 Bb7 5. O-O c5 6. a4 b4 7. dxc5 Bxc5 8. Nbd2 O-O 9. Nb3 Be7 10. Be3 Na6 11. Ne5 Bxg2 12. Kxg2 Qc7 13. Nf3 Rfc8 14. Rc1 Nd5 15. Bd2 Qc6 16. a5 Rc7 17. Kg1 Rac8 18. e4 Nf6 19. e5 Nd5 20. Nfd4 Qc4 21. Re1 Nc5 22. Nxc5 Bxc5 23. Nb3 Be7 24. Be3 Nxe3 25. Rxe3 Bg5 26. f4 Be7 27. Rd3 Qb5 28. Qe2 Rc4 29. h4 h6 30. Kh2 R8c7 31. Kh3 Qc6 32. Qd2 Rxc2 33. Rxc2 Qxc2 34. Qxc2 Rxc2 35. Rxd7 Bf8 36. Rxa7 Rxb2 37. Nd4 Bc5 38. Ra8+ Kh7 39. Nf3 Rb3 40. Nh2 Ra3 41. a6 b3 42. Rb8 Bd4 43. Nf3 Bc3 44. a7 b2 45. a8=Q Rxa8 46. Rb3 Ra1 47. Nd2 Bxd2 48. Rxb2 Be1 49. Rb7 Kg6 50. h5+ Kxh5 51. Rxf7 g5 52. fxg5 hxg5 53. g4+ Kg6 54. Rf6+ Kg7 55. Rxe6 Ra3+ 56. Kh2 Bg3+ 57. Kg2 Bf4 58. Re7+ Kg6 59. Re6+ Kf7 60. Rf6+ Ke7 61. Rf5 Rg3+ 62. Kf2 Rxg4 63. Kf3 Rg3+ 64. Ke4 Re3+ 65. Kd5 Rd3+ 66. Ke4 Ra3 67. Rf6 Ra4+ 68. Kf5 Ra5 69. Re6+ Kf7 70. Rf6+ Kg7 71. Rg6+ Kh7 72. Re6 Ra8 73. Kg4 Kg7 74. Re7+ Kg6 75. Re6+ Kf7 76. Rf6+ Ke7 77. Kf5 Rf8 78. Rxf8 Kxf8 79. e6 Ke7 80. Kg6 Kxe6 81. Kh5 Kf5 0-1


[Site "https://www.chess.com"]

[Event "Titled Tuesday Blitz January 17 Late 2023"]
[White "Averjanov, Alexey"]
[Black "Novikova, Galina"]
[WhiteFideId "14109867"]
[BlackFideId "4157095"]
[WhiteElo "2399"]
[BlackElo "2073"]
[Result "1/2-1/2"]
[Round "02"]
[TimeControl "180+2"]
[Date "2023.01.17"]
[WhiteClock "0:02:44"]
[BlackClock "0:02:06"]

1. d4 e6 2. c4 f5 3. Nf3 Nf6 4. g3 Be7 5. Bg2 O-O 6. O-O d6 7. b3 Ne4 8. Bb2 Nd7 9. Nbd2 Ndf6 10. Nxe4 Nxe4 11. Nd2 d5 12. f3 Nxd2 13. Qxd2 c6 14. e4 a5 15. Rae1 fxe4 16. fxe4 dxc4 17. bxc4 Bb4 18. Bc3 Qe7 19. Rxf8+ Qxf8 20. Rf1 Qe7 21. Qd3 Bd7 22. Ba1 1/2-1/2


[Site "https://www.chess.com"]

[Event "Titled Tuesday Blitz January 17 Late 2023"]
[White "Weetik, Vjacheslav"]
[Black "Mazurkiewicz, Michal"]
[WhiteFideId "4153472"]
[BlackFideId "1124943"]
[WhiteElo "2423"]
[BlackElo "2145"]
[Result "1-0"]
[Round "02"]
[TimeControl "180+2"]
[Date "2023.01.17"]
[WhiteClock "0:00:57"]
[BlackClock "0:00:03"]

1. d4 Nf6 2. Nf3 g6 3. Bg5 Bg7 4. c3 h6 5. Bh4 O-O 6. Nbd2 d5 7. e3 c6 8. Be2 Bf5 9. Qb3 Qb6 10. O-O Nbd7 11. h3 g5 12. Bg3 Ne4 13. Nxe4 Bxe4 14. Nd2 e5 15. Nxe4 dxe4 16. Rfd1 Qxb3 17. axb3 f5 18. Bc4+ Kh8 19. Be6 f4 20. Bxd7 fxg3 21. fxg3 exd4 22. cxd4 a6 23. Rf1 Rad8 24. Rxf8+ Rxf8 25. Rf1 Rxf1+ 26. Kxf1 c5 27. dxc5 Bxb2 28. Bc8 Ba3 29. Bxb7 Bxc5 30. Bxa6 Bxe3 31. Bb7 Kg7 32. Ke2 Bg1 33. Bxe4 Kf6 34. Kd3 Ke5 35. Bf3 Bh2 36. g4 Kd6 37. Ke4 Ke6 38. b4 Bd6 39. b5 Kd7 40. Kf5 Kc7 41. Kg6 Bf8 42. Kf7 Bd6 43. Kg7 Kb6 44. Be2 Be7 45. Kxh6 Bd8 46. Kh5 Be7 47. g3 Bd6 48. Kxg5 Bxg3 49. h4 Be5 50. Kg6 Kc5 51. g5 Kd4 52. Kf7 Ke3 53. g6 Kxe2 54. g7 Bxg7 55. Kxg7 1-0


[Site "https://www.chess.com"]

[Event "Titled Tuesday Blitz January 17 Late 2023"]
[White "Ovezdurdyyeva, Jemal"]
[Black "Aggelis, Nikolaos"]
[WhiteFideId "14001888"]
[BlackFideId "4213220"]
[WhiteElo "2078"]
[BlackElo "2270"]
[Result "0-1"]
[Round "02"]
[TimeControl "180+2"]
[Date "2023.01.17"]
[WhiteClock "0:00:15"]
[BlackClock "0:00:18"]

1. e4 c6 2. d4 d5 3. Nd2 dxe4 4. Nxe4 Nd7 5. Nf3 Ngf6 6. Bd3 Nxe4 7. Bxe4 Nf6 8. Bd3 Bg4 9. h3 Bh5 10. Be2 e6 11. O-O Be7 12. c4 O-O 13. Be3 Qc7 14. Ne5 Bxe2 15. Qxe2 Nd7 16. Nd3 Bf6 17. Rfd1 Rad8 18. Rac1 Rfe8 19. Qf3 e5 20. dxe5 Nxe5 21. Nxe5 Qxe5 22. b3 Qa5 23. Rc2 Rxd1+ 24. Qxd1 Rd8 25. Rd2 Rxd2 26. Qxd2 Qxd2 27. Bxd2 Bd4 28. Kf1 f5 29. Ke2 Kf7 30. Be3 Bxe3 31. Kxe3 c5 32. f4 Kg6 33. Kf3 Kh5 34. Kg3 b6 35. Kf3 Kh4 36. Kf2 h6 37. Kf3 g6 38. Kf2 g5 39. fxg5 hxg5 40. Kf3 f4 41. Kf2 g4 42. hxg4 Kxg4 43. Ke2 Kg3 44. Kf1 a5 45. Kg1 f3 46. gxf3 Kxf3 47. Kf1 Ke3 48. Ke1 Kd3 49. Kd1 a4 50. bxa4 Kxc4 51. a5 bxa5 52. Kc2 a4 53. Kb2 Kd3 54. Kc1 c4 55. Kb2 Kd2 0-1


[Site "https://www.chess.com"]

[Event "Titled Tuesday Blitz January 17 Late 2023"]
[White "Dylag, Emilia"]
[Black "Yurovskykh, Oleksandr"]
[WhiteFideId "21805172"]
[BlackFideId "14134020"]
[WhiteElo "2095"]
[BlackElo "2328"]
[Result "1-0"]
[Round "02"]
[TimeControl "180+2"]
[Date "2023.01.17"]
[WhiteClock "0:00:13"]
[BlackClock "0:00:05"]

1. d4 Nf6 2. c4 e6 3. g3 Bb4+ 4. Bd2 Be7 5. Bg2 d5 6. Nf3 O-O 7. O-O c6 8. Qc2 Nbd7 9. b3 b6 10. Nc3 Bb7 11. e4 dxe4 12. Nxe4 Nxe4 13. Qxe4 Nf6 14. Qe2 c5 15. dxc5 Bxc5 16. Rad1 Qe7 17. Ne5 Bxg2 18. Kxg2 Nd7 19. Nxd7 Qxd7 20. b4 Be7 21. f3 Rfd8 22. Bg5 Qb7 23. Bxe7 Qxe7 24. a3 g6 25. Rxd8+ Rxd8 26. Rd1 Rc8 27. Qe4 Qc7 28. Rc1 Rd8 29. Rc2 Rd1 30. c5 bxc5 31. bxc5 h5 32. c6 Qb6 33. c7 Qg1+ 34. Kh3 Qf1+ 35. Kh4 g5+ 36. Kxg5 Kg7 37. Qe5+ Kh7 38. c8=Q 1-0


[Site "https://www.chess.com"]

[Event "Titled Tuesday Blitz January 17 Late 2023"]
[White "Mosquera, Miguel"]
[Black "Vaglio Munoz, Jaime"]
[WhiteFideId "4401131"]
[BlackFideId "6500145"]
[WhiteElo "2371"]
[BlackElo "2174"]
[Result "0-1"]
[Round "02"]
[TimeControl "180+2"]
[Date "2023.01.17"]
[WhiteClock "0:00:02"]
[BlackClock "0:00:46"]

1. d4 c6 2. c4 b5 3. cxb5 cxb5 4. e4 Bb7 5. Nd2 a6 6. Ngf3 Nf6 7. Bd3 Nc6 8. O-O e6 9. Re1 d6 10. d5 exd5 11. exd5+ Ne7 12. a4 b4 13. a5 g6 14. Qa4+ Qd7 15. Qxb4 Bg7 16. Nc4 O-O 17. Qxd6 Nexd5 18. Bg5 Qg4 19. h3 Qh5 20. Qg3 Nb4 21. Be2 Ne4 22. Qf4 h6 23. Be7 g5 24. Nxg5 hxg5 25. Bxh5 gxf4 26. Bxb4 Rfd8 27. Bf3 f5 28. Rad1 Rac8 29. Bxe4 fxe4 30. Nd6 Rb8 31. Nxb7 Rxd1 32. Rxd1 Rxb7 33. Rd8+ Kh7 34. Re8 Rxb4 35. Re6 e3 36. fxe3 fxe3 37. Kf1 Rxb2 38. Rxa6 e2+ 39. Kf2 Bd4+ 40. Kf3 e1=Q 41. Ra7+ Bg7 0-1


[Site "https://www.chess.com"]

[Event "Titled Tuesday Blitz January 17 Late 2023"]
[White "Guevara Sanchez, Erick Marvin"]
[Black "Santos Flores, Alberto"]
[WhiteFideId "6700136"]
[BlackFideId "3601234"]
[WhiteElo "2073"]
[BlackElo "2164"]
[Result "0-1"]
[Round "02"]
[TimeControl "180+2"]
[Date "2023.01.17"]
[WhiteClock "0:00:46"]
[BlackClock "0:00:17"]

1. e4 e6 2. d4 d5 3. Bd3 dxe4 4. Bxe4 Nf6 5. Bf3 Bd6 6. Nc3 O-O 7. Nge2 e5 8. dxe5 Bxe5 9. Qxd8 Rxd8 10. Bg5 c6 11. Rd1 Rxd1+ 12. Kxd1 Bf5 13. Kc1 Na6 14. Rd1 h6 15. Bh4 Nb4 16. a3 Nxc2 17. Bxf6 Bxf6 18. Be4 Bxe4 19. Nxe4 Re8 20. Nxf6+ gxf6 21. Nc3 Ne1 22. Kd2 Nxg2 23. Rg1 Kf8 24. Rxg2 Re5 25. Rg3 b5 26. Rh3 h5 27. Re3 Rf5 28. Ke2 a5 29. Ne4 b4 30. axb4 axb4 31. Kd3 Rf4 32. Nd6 Rxf2 33. Re2 Rf3+ 34. Kc4 b3 35. Ne4 f5 36. Nc3 Kg7 37. Kxb3 Kf6 38. Kc4 Kg5 39. b4 Kg4 40. Nd1 f4 41. Nf2+ Kf5 42. Nd3 h4 43. Ne5 Re3 44. Rxe3 fxe3 45. Nd3 Ke4 46. Ne1 f5 47. Kc5 f4 48. Kxc6 f3 49. b5 f2 50. Nc2 f1=Q 51. Na3 Qc1+ 52. Kb7 Qxa3 53. b6 e2 54. Kc7 e1=Q 0-1


[Site "https://www.chess.com"]

[Event "Titled Tuesday Blitz January 17 Late 2023"]
[White "Reprintsev, Alexander"]
[Black "Vargas, Mauricio"]
[WhiteFideId "14100541"]
[BlackFideId "4404572"]
[WhiteElo "2253"]
[BlackElo "2035"]
[Result "1-0"]
[Round "02"]
[TimeControl "180+2"]
[Date "2023.01.17"]
[WhiteClock "0:02:14"]
[BlackClock "0:00:21"]

1. e4 c5 2. b3 d6 3. Bb2 Nf6 4. Bxf6 gxf6 5. Qh5 Bg7 6. Nc3 Nc6 7. f4 Nd4 8. Bd3 a6 9. Nf3 e5 10. Nxd4 cxd4 11. Nd5 Be6 12. O-O Bxd5 13. exd5 Qa5 14. Rf2 O-O-O 15. Qxf7 Rhg8 16. Bxh7 Rdf8 17. Qe6+ Kc7 18. Bxg8 exf4 19. Qe7+ Kb6 20. Qxg7 Re8 21. Be6 d3 22. c3 Qc5 23. b4 Qc4 24. a4 a5 25. bxa5+ Ka6 26. Rb1 Qc5 27. Qxb7+ Kxa5 28. Rb5+ Kxa4 29. Rxc5 dxc5 30. Qc6+ Kb3 31. Qxe8 Kc2 32. Qa4+ Kb2 33. d6 f5 34. Qa2+ Kc1 35. Rf1# 1-0


[Site "https://www.chess.com"]

[Event "Titled Tuesday Blitz January 17 Late 2023"]
[White "Martinez Alcantara, Jose Eduardo"]
[Black "Besedes, Danilo"]
[WhiteFideId "3805662"]
[BlackFideId "946796"]
[WhiteElo "2619"]
[BlackElo "2297"]
[Result "1-0"]
[Round "02"]
[TimeControl "180+2"]
[Date "2023.01.17"]
[WhiteClock "0:01:56"]
[BlackClock "0:02:03"]

1. e4 e6 2. d4 d5 3. exd5 exd5 4. Nf3 c6 5. c4 Nf6 6. Nc3 Be7 7. h3 O-O 8. Bd3 Re8 9. O-O h6 10. Qb3 Qb6 11. c5 Qc7 12. Ne2 Be6 13. Bf4 Qc8 14. Qc2 Nbd7 15. Rfe1 Nf8 16. Ne5 Bd8 17. Bg3 Bc7 18. Nf4 N6d7 19. Nxe6 Nxe6 20. Bh7+ Kf8 21. Nxf7 Kxf7 22. Qg6+ Kf8 23. Rxe6 Rxe6 24. Qxe6 Bxg3 25. Qg8+ 1-0


[Site "https://www.chess.com"]

[Event "Titled Tuesday Blitz January 17 Late 2023"]
[White "Qiao, Cindy"]
[Black "Jones, Gawain C B"]
[WhiteFideId "2620243"]
[BlackFideId "409561"]
[WhiteElo "1785"]
[BlackElo "2618"]
[Result "0-1"]
[Round "02"]
[TimeControl "180+2"]
[Date "2023.01.17"]
[WhiteClock "0:00:07"]
[BlackClock "0:00:23"]

1. d4 e6 2. Bf4 b6 3. e4 d5 4. exd5 exd5 5. Nf3 Nf6 6. Bd3 Bd6 7. Bg3 O-O 8. O-O Ba6 9. Bxa6 Nxa6 10. c3 c6 11. Ne5 Qc7 12. Qa4 Nb8 13. Nd2 Nh5 14. Nef3 Nxg3 15. hxg3 Nd7 16. Rfe1 a5 17. Rac1 b5 18. Qd1 a4 19. a3 Rae8 20. Qc2 h6 21. Qd3 Nb6 22. Re2 Nc4 23. Nxc4 bxc4 24. Qc2 Rxe2 25. Qxe2 Rb8 26. Rc2 Qd8 27. Ne5 Qe8 28. Nf3 f6 29. Qd1 Qd7 30. Re2 Ra8 31. Nh4 g5 32. Nf3 Qf5 33. Qe1 Kf7 34. Qd1 h5 35. Re3 Bf8 36. Nd2 g4 37. Nf1 Bh6 38. Re2 Bf8 39. Ne3 Qg6 40. Nc2 Qd3 41. Rd2 Qf5 42. Nb4 Bxb4 43. cxb4 Re8 44. Kh2 Re4 45. Qxa4 h4 46. gxh4 Qf4+ 47. g3 Qxd2 48. Qa7+ Kg6 49. h5+ Kh6 50. Kg2 Re2 0-1


[Site "https://www.chess.com"]

[Event "Titled Tuesday Blitz January 17 Late 2023"]
[White "Forgacs, Attila Jr."]
[Black "Kravtsiv, Martyn"]
[WhiteFideId "773654"]
[BlackFideId "14113147"]
[WhiteElo "2264"]
[BlackElo "2598"]
[Result "0-1"]
[Round "02"]
[TimeControl "180+2"]
[Date "2023.01.17"]
[WhiteClock "0:00:03"]
[BlackClock "0:00:44"]

1. e4 e5 2. Nf3 Nc6 3. Bb5 a6 4. Ba4 Nf6 5. O-O Be7 6. Re1 b5 7. Bb3 O-O 8. a4 b4 9. d3 d6 10. Nbd2 Na5 11. Ba2 c5 12. Nc4 Nc6 13. h3 Rb8 14. Bb3 Be6 15. Bg5 h6 16. Bh4 Nd7 17. Bxe7 Qxe7 18. Qd2 Kh7 19. Ne3 g6 20. Bd5 Nd4 21. Nxd4 cxd4 22. Nc4 Bxd5 23. exd5 g5 24. c3 Nc5 25. cxd4 Nb3 26. Qe3 Nxa1 27. Rxa1 f6 28. dxe5 fxe5 29. Qe4+ Kg7 30. Ne3 Qd7 31. g4 Rf4 32. Nf5+ Kf6 33. Qe3 h5 34. f3 hxg4 35. hxg4 Qb7 36. d4 Qxd5 37. dxe5+ Qxe5 38. Qa7 Rxf5 39. Qxb8 Qg3+ 40. Kh1 Qxf3+ 41. Kg1 Qxg4+ 42. Kh1 Qh3+ 43. Kg1 Qe3+ 44. Kh1 Qe4+ 45. Kg1 Qd4+ 46. Kh1 Qd5+ 47. Kg1 Rf4 48. Qf8+ Kg6 49. Qe8+ Qf7 50. Qxf7+ Kxf7 51. Rd1 Ke6 52. Kg2 Rc4 53. Rd2 a5 54. Kf3 d5 55. Re2+ Kd6 56. Re8 Rc2 57. Rd8+ Ke5 58. Ra8 Rxb2 59. Rxa5 Ra2 60. Ra8 Kd4 61. Rg8 b3 0-1


[Site "https://www.chess.com"]

[Event "Titled Tuesday Blitz January 17 Late 2023"]
[White "Estrada Nieto, Julian"]
[Black "Quispe Arteaga, Gabriel"]
[WhiteFideId "5101018"]
[BlackFideId "32059809"]
[WhiteElo "2215"]
[BlackElo "2381"]
[Result "0-1"]
[Round "02"]
[TimeControl "180+2"]
[Date "2023.01.17"]
[WhiteClock "0:00:04"]
[BlackClock "0:00:19"]

1. e4 c5 2. Nf3 e6 3. c3 Nf6 4. e5 Nd5 5. Bc4 Nb6 6. Bb3 c4 7. Bc2 d6 8. d4 cxd3 9. Qxd3 Nc6 10. exd6 Qxd6 11. Qe2 g6 12. O-O Bg7 13. Rd1 Qc7 14. Nbd2 O-O 15. Ne4 e5 16. Be3 Bf5 17. Bc5 Rfd8 18. Bd6 Qc8 19. h3 Bxe4 20. Qxe4 Qe6 21. Bc7 Rd7 22. Bb3 Qe7 23. Bxb6 axb6 24. Rxd7 Qxd7 25. Rd1 Qe7 26. h4 Bf6 27. h5 Kg7 28. g3 Rd8 29. Re1 Qc5 30. Kg2 Na5 31. hxg6 hxg6 32. Nxe5 Nxb3 33. axb3 Rd2 34. Ng4 Rxb2 35. b4 Qxc3 36. Re3 Qd4 37. Nxf6 Qxf6 38. Rf3 Qd6 39. Qxb7 Qe6 40. Qc7 Re2 41. Qc3+ Qe5 42. Qxe5+ Rxe5 43. Rc3 Rb5 44. Rc4 Kf6 45. Kf3 Ke5 46. Ke3 Kd6 47. Kd3 Rf5 48. f4 Rh5 49. Rd4+ Ke6 50. Re4+ Kd7 51. Rd4+ Kc6 52. Rc4+ Kb5 53. Rc7 Rh3 54. Rxf7 Rxg3+ 55. Ke4 Kxb4 56. Rf6 b5 57. Ke5 Ka3 58. Ra6+ Kb3 59. Rb6 b4 60. f5 gxf5 61. Kf4 Rd3 62. Kxf5 Re3 63. Kf4 Re8 64. Kf3 Kc3 65. Rc6+ Kb2 66. Rb6 b3 67. Kf2 Kc2 68. Rc6+ Kb1 69. Rb6 b2 70. Rb7 Rc8 71. Ke2 Kc2 72. Rc7+ Rxc7 0-1


[Site "https://www.chess.com"]

[Event "Titled Tuesday Blitz January 17 Late 2023"]
[White "Davidson, Kevin"]
[Black "Bikuzhin, Maksim"]
[WhiteFideId "2056810"]
[BlackFideId "24128015"]
[WhiteElo "2154"]
[BlackElo "2279"]
[Result "0-1"]
[Round "02"]
[TimeControl "180+2"]
[Date "2023.01.17"]
[WhiteClock "0:00:01"]
[BlackClock "0:00:42"]

1. e4 c5 2. Nf3 e6 3. d4 cxd4 4. Nxd4 Nf6 5. Nc3 d6 6. Be3 a6 7. g4 h6 8. f3 b5 9. Qd2 Bb7 10. O-O-O Nbd7 11. Bd3 Rc8 12. h4 b4 13. Na4 d5 14. exd5 Nxd5 15. g5 Be7 16. g6 Bf6 17. Rhg1 Ne5 18. gxf7+ Kxf7 19. f4 Nxd3+ 20. Qxd3 Re8 21. Kb1 Qa5 22. b3 Nxe3 23. Qxe3 Qc7 24. Rd2 Bd5 25. Nf3 Bxf3 26. Qxf3 Red8 27. Rdg2 Qd6 28. f5 Qd4 29. fxe6+ Kf8 30. c3 bxc3 31. Kc2 Rc7 32. Rxg7 Qd2+ 33. Kb1 c2# 0-1


[Site "https://www.chess.com"]